 Dungeon Crawl Stone Soup version 0.29-a0-1043-g569b05d6ff (webtiles) character file.

Game seed: 1711797753580496333

59868 tatocazan the Cleaver (level 14, -5/113 HPs)
             Began as a Demonspawn Fighter on Aug 16, 2022.
             Was the Champion of Makhleb.
             Slain by Rupert
             ... wielding a +2 great sword of protection
              (34 damage)
             ... on level 2 of the Orcish Mines.
             The game lasted 00:30:00 (21955 turns).

tatocazan the Cleaver (Demonspawn Fighter)         Turns: 21955, Time: 00:30:01

Health: -5/113     AC: 31    Str: 21    XL:     14   Next: 54%
Magic:  14/14      EV:  5    Int: 12    God:    Makhleb [******]
Gold:   1869       SH: 25    Dex: 14    Spells: 13/13 levels left

rFire   . . .      SeeInvis .   r - +1 war axe (flame)
rCold   + . .      Faith    .   I - +2 kite shield {AC+3}
rNeg    + . .      Spirit   .   y - +1 crystal plate armour
rPois   .          Reflect  +   h - +2 helmet
rElec   .          Harm     .   (no cloak)
rCorr   .          Rampage  .   (no gloves)
Will    +....                   g - +2 pair of boots
Stlth   ..........              B - amulet of reflection
HPRegen 0.28/turn               b - ring "Fuhura Giufy" {rC+ rN+ Int+3}
MPRegen 0.14/turn               (no ring)

@: no status effects
A: large bone plates 2, demonic guardian 2, spiny 2, demonic touch 1
a: Renounce Religion, Minor Destruction, Lesser Servant of Makhleb, Major
Destruction, Greater Servant of Makhleb


You were on level 2 of the Orcish Mines.
You worshipped Makhleb.
Makhleb was exalted by your worship.
You visited 4 branches of the dungeon, and saw 20 of its levels.
You also visited: Sewer, Bailey and Gauntlet.

You collected 1869 gold pieces.

Inventory:

Hand Weapons
 a - a +0 war axe
 r - a +1 war axe of flaming (weapon)
Missiles
 o - 20 javelins (quivered)
 p - 20 poisoned darts
 t - 4 throwing nets
Armour
 g - a +2 pair of boots (worn)
 h - a +2 helmet (worn)
 y - a +1 crystal plate armour (worn)
 G - a +1 chain mail of positive energy
 I - a +2 kite shield of protection (worn)
Jewellery
 b - the ring "Fuhura Giufy" (left hand) {rC+ rN+ Int+3}
   (You found it in a Gauntlet)

   [ring of protection from cold]

   Int:       It affects your intelligence (+3).
   rC:        It protects you from cold.
   rN:        It protects you from negative energy.
 d - a ring of protection from fire
 i - the ring of Cihige {Int+5 SInv}
   (You found it in a Gauntlet)

   [ring of see invisible]

   Int:       It affects your intelligence (+5).
   SInv:      It lets you see invisible.
 m - an amulet of the acrobat
 n - a ring of fire
 B - an amulet of reflection (around neck)
 P - a +6 ring of dexterity
 X - an amulet of regeneration
Wands
 j - a wand of flame (12)
 q - a wand of polymorph (4)
 s - a wand of roots (33)
 w - a wand of mindburst (2)
 D - a wand of paralysis (31)
 Q - a wand of acid (1)
Scrolls
 c - 6 scrolls of identify
 e - 4 scrolls of fear
 f - 7 scrolls of poison
 u - a scroll of enchant armour
 v - 7 scrolls of teleportation
 F - a scroll of silence
 M - 2 scrolls of vulnerability {unknown}
 O - a scroll of butterflies
 R - 3 scrolls of immolation {unknown}
 S - a scroll of brand weapon
 T - 3 scrolls of blinking {unknown}
 U - 2 scrolls of enchant weapon {unknown}
 V - 2 scrolls of noise {unknown}
Potions
 k - 4 potions of brilliance
 x - 10 potions of flight
 z - 2 potions of haste {unknown}
 A - a potion of heal wounds
 C - 3 potions of resistance
 E - 9 potions of curing
 H - a potion of attraction {unknown}
 K - a potion of cancellation {unknown}
 L - 3 potions of mutation
 N - 3 potions of ambrosia
 W - a potion of might
Miscellaneous
 l - a phantom mirror
 J - a condenser vane


   Skills:
 + Level 11.3 Fighting
 * Level 14.0 Axes
 + Level 10.3 Armour
 + Level 8.6 Dodging
 + Level 11.4 Shields


You had 13 spell levels left.
You didn't know any spells.
Your spell library contained the following spells:

 Spells                   Type           Power      Damage    Failure   Level
 Apportation              Tloc           0%         N/A       100%        1
 Sandblast                Erth           0%         2d4       100%        1
 Shock                    Conj/Air       0%         1d3       100%        1
 Sting                    Tmut/Pois      0%         1d3       100%        1
 Blink                    Tloc           0%         N/A       100%        2
 Passwall                 Tmut/Erth      0%         N/A       100%        2
 Poisonous Vapours        Pois/Air       0%         N/A       100%        2
 Static Discharge         Conj/Air       0%         3-3/arc   100%        2
 Dazzling Flash           Conj/Hex       0%         N/A       100%        3
 Gell's Gravitas          Tloc           0%         N/A       100%        3
 Inner Flame              Hex/Fire       0%         N/A       100%        3
 Lesser Beckoning         Tloc           0%         N/A       100%        3
 Spider Form              Tmut/Pois      0%         N/A       100%        3
 Stone Arrow              Conj/Erth      0%         3d7       100%        3
 Swiftness                Air            0%         N/A       100%        3
 Teleport Other           Tloc           0%         N/A       100%        3
 Airstrike                Air            0%         2d(0-16)  100%        4
 Cause Fear               Hex            0%         N/A       100%        4
 Corpse Rot               Necr/Pois/Air  0%         N/A       100%        4
 Dispel Undead            Necr           0%         3d6       100%        4
 Leda's Liquefaction      Hex/Erth       0%         N/A       100%        4
 Olgreb's Toxic Radiance  Pois           0%         N/A       100%        4
 Petrify                  Tmut/Erth      0%         N/A       100%        4
 Sticky Flame             Conj/Fire      0%         2d3       100%        4
 Summon Lightning Spire   Summ/Air       0%         N/A       100%        4
 Freezing Cloud           Conj/Ice/Air   0%         6-21      100%        5
 Irradiate                Conj/Tmut      0%         3d11      100%        5
 Manifold Assault         Tloc           0%         N/A       100%        5
 Metabolic Englaciation   Hex/Ice        0%         N/A       100%        5
 Conjure Ball Lightning   Conj/Air       0%         3x3d6     100%        6
 Simulacrum               Ice/Necr       0%         N/A       100%        6
 Statue Form              Tmut/Erth      0%         N/A       100%        6
 Malign Gateway           Summ/Tloc      0%         N/A       100%        7
 Discord                  Hex            0%         N/A       100%        8
 Chain Lightning          Conj/Air       0%         N/A       100%        9
 Polar Vortex             Ice            0%         N/A       100%        9


Dungeon Overview and Level Annotations

Branches:
Dungeon (12/15)            Temple (1/1) D:7            Lair (5/5) D:8
  Swamp (0/4) Lair:3        Snake (0/4) Lair:3        Slime (0/5) Lair:5
    Orc (2/2) D:12            Elf (0/3) Orc:2         Sewer (visited)
 Bailey (visited)         Gauntlet (visited)

Altars:
Ashenzari
Cheibriados
Dithmenos
Fedhas
Gozag
Hepliaklqana
Kikubaaqudgha
Makhleb
Nemelex Xobeh
Okawaru
Qazlal
Ru
Sif Muna
Trog
Uskayaw
Vehumet
Wu Jian
Xom
Yredelemnul
Jiyva

Shops:
D:9 :

Portals:
Hell: Lair:5

Annotations:
D:3 exclusion: statue
D:10 1 transporter
Orc:2 Rupert


Innate Abilities, Weirdness & Mutations

You are mostly covered in large bone plates. (SH +6)
A demonic guardian rushes to your aid.
You are mostly covered in sharp spines.
Your touch may inflict minor irresistible damage on your foes.


Message History

The orc warrior throws a boomerang.
You reflect the boomerang off an invisible shield around you!
The boomerang hits the orc warrior!
An ogre comes into view. It is wielding a +0 giant club.
The troll barely misses you. x2; You block the troll's attack.
Rupert is struck by your spines.
Rupert hits you with a +2 great sword of protection!
The ogre shouts!
You hit the troll but do no damage.
The troll is severely wounded.
You hit Rupert but do no damage.
You hear a shout! x2
Rupert hits you with a +2 great sword of protection!!
A demonic guardian appears!
A two-headed ogre comes into view. It is wielding two +0 giant clubs.
A troll comes into view.
The troll is struck by your spines. The troll bites you but does no damage.
You block the troll's attack. x2
You are too injured to fight recklessly!
You are too injured to fight recklessly!
You are too injured to fight recklessly!
You are too injured to fight recklessly!
You are too injured to fight recklessly!
You are too injured to fight recklessly!
You are too injured to fight recklessly!
You are too injured to fight recklessly!
You are too injured to fight recklessly!
You are too injured to fight recklessly!
You are too injured to fight recklessly!
You are too injured to fight recklessly!
You are too injured to fight recklessly!
You take 68 damage, and have 39/113 hp.
MASSIVE DAMAGE!!
You are too injured to fight recklessly!
You are too injured to fight recklessly!
You are too injured to fight recklessly!
There are monsters nearby!
Okay, then.
A demon appears!
Rupert hits you with a +2 great sword of protection!!
You die...

..........#...........
..........#...........
#....................
###..............##..
##.<..........## ##
##...........#
###.........##
###.###.#4....#.###
#.....T@......###
......)@#.#..##
#.....2#####.# ....o..
## ....... .......
....#OO .....TO


You could see Rupert (berserk, ally target), a two-headed ogre, 2 trolls, an orc
warrior, 2 ogres, a friendly balrug (summoned) and a friendly rust devil
(summoned).

Vanquished Creatures
  Gastronok (D:12)
  A minotaur (Gauntlet)
  Snorg (Lair:3)
  4 hydras
  Erolcha (D:9)
  9 death yaks
  3 two-headed ogres
  A sun demon (Lair:5)
  Amaemon (Lair:1)
  Sonja (Lair:1)
  A wizard (Lair:5)
  An ugly thing (D:11)
  A manticore (D:12)
  A cyclops (D:12)
  15 elephants
  A black mamba (Lair:4)
  13 cane toads
  3 orange demons
  5 rime drakes
  A minotaur zombie (Gauntlet)
  A kobold demonologist (D:11)
  An unseen horror (D:11)
  A hellwing (Lair:5)
  5 ice devils
  7 komodo dragons
  4 trolls
  A queen bee (Lair:4)
  3 meliai (Lair:4)
  A tyrant leech (Lair:3)
  2 polar bears
  4 slime creatures (D:12)
  A hornet (D:8)
  10 blink frogs
  Grinder (D:3)
  8 flying skulls (Gauntlet)
  2 shadows (D:9)
  4 wyverns
  6 basilisks
  18 yaks
  A wraith (D:12)
  2 steam dragons
  Grum (D:9)
  4 vampire mosquitoes (D:12)
  2 wargs (Orc:2)
  2 nagas (Lair:3)
  5 swamp worms (Lair:3)
  3 hell hounds (Lair:5)
  3 acid dragons
  12 water moccasins
  24 orc warriors
  An ice beast (D:6)
  6 black bears
  7 ogres
  14 wolves
  2 centaurs
  2 phantoms (D:6)
  5 kobold brigands
  Blork the orc (D:6)
  12 bullfrogs
  2 gnoll sergeants
  3 necrophages
  5 scorpions
  3 wights (D:7)
  19 killer bees
  3 howler monkeys
  A troll skeleton (D:12)
  5 spriggan skeletons (D:12)
  3 electric eels
  A gnoll bouda (D:10)
  3 hounds
  5 jellies
  4 orc priests
  7 iguanas
  16 orc wizards
  A hell rat (Lair:5)
  8 adders
  15 gnolls
  4 river rats
  A shadow imp (D:7)
  6 white imps
  An ufetubus (D:6)
  A worm (D:4)
  A dart slug (D:3)
  63 orcs
  6 endoplasms
  4 giant cockroaches
  4 goblins
  12 hobgoblins
  A jackal (Sewer)
  4 quokkas
  9 ball pythons
  2 bats
  A frilled lizard (D:1)
  17 kobolds
  8 rats
503 creatures vanquished.

Vanquished Creatures (collateral kills)
  2 hydras
  A death yak (Lair:2)
  A cyclops (D:12)
  4 elephants (Lair:5)
  An apocalypse crab (Gauntlet)
  A cane toad (Lair:5)
  5 yaks (Lair:5)
  An orc warrior (Bailey)
  An orc priest (D:7)
  5 orcs (D:12)
22 creatures vanquished.

Vanquished Creatures (others)
  A gnoll sergeant (D:5)
  A worm (D:5)
  33 demonic plants (Gauntlet)
  18 fungi
  38 plants
91 creatures vanquished.

Grand Total: 616 creatures vanquished

Notes
Turn   | Place    | Note
-------+----------+-------------------------------------------
     0 | D:1      | tatocazan the Demonspawn Fighter began the quest for the
                  | Orb.
     0 | D:1      | Reached XP level 1. HP: 18/18 MP: 1/1
   414 | D:1      | Reached skill level 2 in Axes
   593 | D:1      | Gained mutation: You are partially covered in large bone
                  | plates. (SH +4) [demonic ancestry]
   593 | D:1      | Reached XP level 2. HP: 24/24 MP: 2/2
   623 | D:1      | Found a faded altar of an unknown god.
   625 | D:1      | Noticed a shining eye
   641 | D:1      | Noticed a great orb of eyes
   645 | D:1      | Noticed a golden eye
   645 | D:1      | Noticed a floating eye
  1157 | D:2      | Reached XP level 3. HP: 29/29 MP: 3/3
  1893 | D:3      | Found a shimmering blue altar of Sif Muna.
  1949 | D:3      | Gained mutation: Your touch may inflict minor irresistible
                  | damage on your foes. [demonic ancestry]
  1949 | D:3      | Reached XP level 4. HP: 35/35 MP: 4/4
  2111 | D:3      | Noticed Grinder
  2112 | D:3      | Paralysed by Grinder for 2 turns
  2120 | D:3      | Paralysed by Grinder for 4 turns
  2128 | D:3      | Paralysed by Grinder for 5 turns
  2134 | D:3      | Killed Grinder
  2135 | D:3      | Reached skill level 3 in Axes
  2135 | D:3      | Gained mutation: You are partially covered in sharp spines.
                  | [demonic ancestry]
  2135 | D:3      | Reached XP level 5. HP: 24/42 MP: 5/5
  2504 | D:3      | Found a radiant altar of Vehumet.
  2504 | D:3      | Noticed a charred statue
  2743 | D:4      | Reached XP level 6. HP: 47/48 MP: 6/6
  3371 | D:5      | Entered Level 5 of the Dungeon
  3378 | D:5      | Reached skill level 4 in Axes
  3456 | D:5      | Found a shimmering altar of Xom.
  3456 | D:5      | Noticed a water moccasin
  3456 | D:5      | Noticed an ice beast
  3465 | D:5      | Killed a water moccasin
  3466 | D:5      | Gained mutation: You are mostly covered in large bone
                  | plates. (SH +6) [demonic ancestry]
  3466 | D:5      | Reached XP level 7. HP: 50/55 MP: 7/7
  3484 | D:5      | Reached skill level 5 in Axes
  4182 | D:6      | Noticed Blork the orc
  4187 | D:6      | Reached skill level 5 in Fighting
  4190 | D:6      | Killed Blork the orc
  4281 | D:6      | Gained mutation: A weak demonic guardian rushes to your
                  | aid. [demonic ancestry]
  4281 | D:6      | Reached XP level 8. HP: 50/62 MP: 8/8
  4356 | D:6      | Found a glowing drain.
  4370 | Sewer    | Entered a sewer
  4530 | D:6      | You fall into a shaft and drop 1 floor!
  4540 | D:7      | Found a flagged portal.
  4606 | Bailey   | Entered a bailey
  4687 | Bailey   | Reached skill level 6 in Axes
  4687 | Bailey   | Reached skill level 5 in Armour
  4687 | Bailey   | Reached skill level 5 in Shields
  5614 | Bailey   | Reached XP level 9. HP: 52/69 MP: 9/9
  5942 | D:7      | Reached skill level 7 in Axes
  5998 | D:7      | Reached skill level 1 in Dodging
  6008 | D:7      | Found a staircase to the Ecumenical Temple.
  6021 | Temple   | Entered the Ecumenical Temple
  6282 | Temple   | Became a worshipper of Makhleb the Destroyer
  7208 | D:6      | Identified the +3 mace "Pitytoq" {vorpal, rCorr Dex+2}
  7234 | D:6      | Reached skill level 8 in Axes
  7250 | D:6      | Reached * piety under Makhleb
  7546 | D:8      | Gained mutation: A demonic guardian rushes to your aid.
                  | [demonic ancestry]
  7546 | D:8      | Reached XP level 10. HP: 74/77 MP: 10/10
  7659 | D:8      | Noticed an elephant
  7681 | D:8      | Killed an elephant
  8333 | D:8      | Found a staircase to the Lair.
  8492 | Lair:1   | Entered Level 1 of the Lair of Beasts
  8495 | Lair:1   | Noticed Sonja
  8501 | Lair:1   | Noticed Amaemon
  8502 | Lair:1   | Noticed a cane toad
  8502 | Lair:1   | Noticed an orange demon
  8505 | Lair:1   | Found a gate leading to a gauntlet.
  8514 | Gauntlet | Entered a Gauntlet
  8514 | Gauntlet | Noticed a shining eye
  8514 | Gauntlet | Found a transporter.
  8514 | Gauntlet | Found a transporter.
  8514 | Gauntlet | Found a transporter.
  8617 | Gauntlet | Found a transporter.
  8779 | Gauntlet | Found a transporter.
  8789 | Gauntlet | Found a transporter.
  8793 | Gauntlet | Found a transporter.
  8795 | Gauntlet | Noticed a hell beast
  8795 | Gauntlet | Noticed an apocalypse crab
  8805 | Gauntlet | Found a transporter.
  8896 | Gauntlet | Found a transporter.
  8906 | Gauntlet | Found a transporter.
  8910 | Gauntlet | Found a transporter.
  8920 | Gauntlet | Found a transporter.
  9178 | Gauntlet | Reached ** piety under Makhleb
  9192 | Gauntlet | Reached skill level 9 in Axes
  9286 | Gauntlet | Identified the ring "Fuhura Giufy" {rC+ rN+ Int+3}
  9311 | Gauntlet | Killed an apocalypse crab
  9514 | Gauntlet | Identified the ring of Cihige {Int+5 SInv}
  9523 | Gauntlet | Noticed a minotaur
  9550 | Gauntlet | Killed a minotaur
  9551 | Gauntlet | Reached XP level 11. HP: 10/85 MP: 11/11
  9868 | Gauntlet | Got the Exposition on Shifting Enchantment
  9868 | Gauntlet | Got the Encyclopedia of Air
 10004 | Lair:1   | Killed Amaemon
 10006 | Lair:1   | Killed Sonja
 10800 | Lair:2   | Reached skill level 10 in Axes
 11049 | Lair:2   | Reached skill level 5 in Dodging
 11145 | Lair:2   | Noticed a death yak
 11145 | Lair:2   | Noticed a death yak
 11145 | Lair:2   | Noticed a death yak
 11146 | Lair:2   | Noticed a death yak
 11146 | Lair:2   | Noticed a death yak
 11191 | Lair:2   | Noticed a death yak
 11206 | Lair:2   | Killed a death yak
 11215 | Lair:2   | Killed a death yak
 11230 | Lair:2   | Killed a death yak
 11241 | Lair:2   | Killed a death yak
 11252 | Lair:2   | Killed a death yak
 11253 | Lair:2   | Gained mutation: You are mostly covered in sharp spines.
                  | [demonic ancestry]
 11253 | Lair:2   | Reached XP level 12. HP: 36/94 MP: 12/12
 11257 | Lair:2   | Killed a death yak
 11369 | Lair:2   | Reached *** piety under Makhleb
 11940 | Lair:3   | Noticed Snorg
 11961 | Lair:3   | Killed Snorg
 11962 | Lair:3   | Reached skill level 11 in Axes
 12170 | Lair:3   | Noticed a four-headed hydra
 12181 | Lair:3   | Killed a one-headed hydra
 12214 | Lair:3   | Noticed an eight-headed hydra
 12218 | Lair:3   | Killed a five-headed hydra
 12220 | Lair:3   | Found a staircase to the Swamp.
 12582 | Lair:3   | Reached **** piety under Makhleb
 12620 | Lair:3   | Found a staircase to the Snake Pit.
 13321 | Lair:4   | Reached skill level 10 in Shields
 13666 | Lair:4   | Reached skill level 12 in Axes
 13666 | Lair:4   | Reached XP level 13. HP: 87/102 MP: 13/13
 14226 | Lair:5   | Entered Level 5 of the Lair of Beasts
 14572 | Lair:5   | Reached skill level 10 in Fighting
 15123 | Lair:5   | Got the Disquisition on Generative Changing
 15853 | Lair:4   | Reached ***** piety under Makhleb
 16377 | Lair:5   | Reached skill level 13 in Axes
 16469 | Lair:5   | Found a staircase to the Slime Pits.
 16469 | Lair:5   | Found a viscous altar of Jiyva.
 16721 | Lair:5   | Found a burning altar of Makhleb.
 17493 | Lair:5   | Found a gateway to Hell.
 17716 | D:9      | Noticed Grum
 17731 | D:9      | Killed Grum
 17758 | D:9      | Reached XP level 14. HP: 111/111 MP: 14/14
 17779 | D:9      | Found Meokunam's Book Boutique.
 17801 | D:9      | Noticed Erolcha
 17832 | D:9      | Killed Erolcha
 18154 | D:9      | Found a basalt altar of Yredelemnul.
 18265 | D:9      | Found a bloodstained altar of Trog.
 18467 | D:10     | Entered Level 10 of the Dungeon
 18640 | D:10     | Found a transporter.
 18682 | D:10     | Found a transporter.
 18684 | D:10     | Found a transporter.
 18798 | D:10     | Reached skill level 10 in Armour
 18888 | D:10     | Found a transporter.
 20640 | D:12     | Reached ****** piety under Makhleb
 21020 | D:12     | Found a staircase to the Orcish Mines.
 21134 | D:12     | Noticed Gastronok
 21152 | D:12     | Killed Gastronok
 21507 | Orc:1    | Entered Level 1 of the Orcish Mines
 21606 | Orc:2    | Entered Level 2 of the Orcish Mines
 21606 | Orc:2    | Found a staircase to the Elven Halls.
 21895 | Orc:2    | Reached skill level 14 in Axes
 21943 | Orc:2    | Noticed Rupert
 21955 | Orc:2    | Slain by Rupert

Illustrated notes

Levels and vault maps discovered:
D:1:      dpeg_arrival_three_same_balls, layout_basic,
          hellmonk_ecumenical_altar_watching_god
D:2:      layout_loops_ring, kennysheep_generic_room_12
D:3:      layout_basic, vehumet_statue, nicolae_sif_muna_little_library,
          uniq_grinder
D:4:      minmay_evil_eye, layout_loops_ring
D:5:      layout_rooms, xom_confusion_cloud
D:6:      layout_gridville, portal_sewer_entry_b, minmay_joined_circles,
          uniq_blork_the_orc
D:7:      layout_rooms, minmay_temple_entry_statues_fountains, enter_bailey_8
D:8:      layout_basic, david_lair_generic
D:9:      layout_long_grid, yredelemnul_altar_generic,
          gammafunk_temple_overflow_elements, kennysheep_windowed_goal,
          uniq_grum, uniq_erolcha
D:10:     layout_basic, nicolae_diode_quadrants
D:11:     layout_loops_corners
D:12:     layout_long_grid, david_orc_4, kennysheep_big_empty_room,
          hangedman_tell_no_tales, uniq_gastronok
Temple:   eino_temple_scatter_basement
Lair:1:   layout_cave_shapes, gauntlet_entry_generic,
          chequers_serial_rivers_small_a, beast_lair_carwin_1, uniq_amaemon,
          uniq_sonja
Lair:2:   layout_regular_city
Lair:3:   layout_layer_cave, palyth_hydra_swamp_entry,
          guppyfry_snake_entry_garden, infiniplex_staircase_pool, uniq_snorg
Lair:4:   layout_hall_layers, special_room [special_room_bee],
          serial_bayou_ford_a, lemuel_fruit_tree
Lair:5:   evil_forest, layout_gridlike, nicolae_slime_entry_slimehenge
Orc:1:    layout_diamond_mine, portal_ice_cave_entry_imps, lightli_orcish_oven,
          uniq_jorgrun
Orc:2:    st_orc_open, layout_diamond_mine, uniq_rupert

Skill      XL: |  1  2  3  4  5  6  7  8  9 10 11 12 13 14 |
---------------+-------------------------------------------+-----
Axes           | 2 3 4 5 6 8 9 10 12 13 14 | 14.0
Armour         | 3 4 5 6 7 8 9 10 | 10.3
Shields        | 3 4 5 6 8 9 10 11 | 11.4
Fighting       | 4 5 6 7 8 9 10 11 | 11.3
Dodging        | 2 4 5 6 8 |  8.6

Action                   |  1- 3 |  4- 6 |  7- 9 | 10-12 | 13-15 || total
-------------------------+-------+-------+-------+-------+-------++-------
Melee: War axe           |    93 |    52 |   302 |   589 |   826 ||  1862
Throw: Javelin           |       |       |     2 |     2 |       ||     4
Invok: Lesser Servant of |       |       |       |       |     3 ||     3
       Minor Destruction |       |       |       |       |     1 ||     1
       Greater Servant o |       |       |       |       |     1 ||     1
Evoke: Wand              |       |       |     4 |     7 |     2 ||    13
  Use: Scroll            |       |       |    10 |     8 |     1 ||    19
       Potion            |       |       |       |     8 |     2 ||    10
 Stab: Petrifying        |       |       |       |     1 |       ||     1
       Paralysed         |       |       |       |    10 |       ||    10
Armor: Scale mail        |    49 |    14 |     6 |       |       ||    69
       Chain mail        |       |       |    39 |       |       ||    39
       Crystal plate arm |       |       |    51 |   397 |   364 ||   812
Dodge: Dodged            |    40 |    18 |    43 |    63 |    83 ||   247
Block: Buckler           |    37 |    23 |   133 |       |       ||   193
       Reflection        |       |       |     8 |     7 |    13 ||    28
       Kite shield       |       |       |   135 |   826 |  1006 ||  1967

Table legend: (Time is in decaauts)
 A = Elapsed time spent in this place.
 B = Non-inter-level travel time spent in this place.
 C = Inter-level travel time spent in this place.
 D = Time resting spent in this place.
 E = Time spent auto-exploring this place.
 F = Levels seen in this place.
 G = Mean time per level.
                   A        B        C        D        E       F      G
               +--------+--------+--------+--------+--------+-----+--------+
         Total |  22175 |  21527 |    648 |   4970 |  12439 |  23 |  964.1 |
       Dungeon |  10738 |  10297 |    441 |   1098 |   7399 |  12 |  894.8 |
        Temple |    279 |    262 |     17 |      0 |    230 |   1 |  279.0 |
          Lair |   7743 |   7571 |    172 |   2342 |   3741 |   5 | 1548.6 |
  Orcish Mines |    440 |    422 |     18 |      0 |    307 |   2 |  220.0 |
         Sewer |    164 |    164 |      0 |      0 |    114 |   1 |  164.0 |
        Bailey |   1359 |   1359 |      0 |    886 |    230 |   1 | 1359.0 |
      Gauntlet |   1449 |   1449 |      0 |    644 |    416 |   1 | 1449.0 |
               +--------+--------+--------+--------+--------+-----+--------+

Top non-repeatable levels by time:
  Lair:5: 2281 daAuts
  Lair:4: 2038 daAuts
Gauntlet: 1449 daAuts
  Lair:3: 1380 daAuts
  Bailey: 1359 daAuts
  Lair:2: 1312 daAuts
    D:12: 1279 daAuts
     D:6: 1211 daAuts
     D:3: 1152 daAuts
    D:11: 1008 daAuts
     D:8: 1007 daAuts
     D:1: 969 daAuts
     D:9: 830 daAuts
    D:10: 733 daAuts
  Lair:1: 729 daAuts
